 Dungeon Crawl Stone Soup version 0.31-a0-188-g5e087ee2ca (webtiles) character file.

Game seed: 13602941972567338207

35 qw the Shooter (level 3, 0/20 HPs)
             Began as a Deep Elf Hunter on June 23, 2023.
             Slain by a gnoll
             ... wielding a +0 whip
              (6 damage)
             ... on level 2 of the Dungeon.
             The game lasted 00:00:18 (1107 turns).

qw the Shooter (Deep Elf Hunter)                    Turns: 1107, Time: 00:00:18

Health: 0/20       AC:  5    Str: 10    XL:     3   Next: 17%
Magic:  5/5        EV: 11    Int: 13    God:
Gold:   60         SH:  0    Dex: 18    Spells: 2/2 levels left

rFire   . . .        Y - +1 shortbow
rCold   . . .        (shield currently unavailable)
rNeg    . . .        e - +0 ring mail
rPois   .            (no helmet)
rElec   .            (no cloak)
rCorr   .            (no gloves)
SInv    .            (no boots)
Will    .....        (no amulet)
Stlth   +            (no ring)
HPRegen 0.23/turn    (no ring)
MPRegen 0.09/turn

%: no passive effects
@: no status effects
A: no striking features
a: no special abilities


You were on level 2 of the Dungeon.
You visited 1 branch of the dungeon, and saw 2 of its levels.

You collected 60 gold pieces.


   Skills:
 - Level 1.5 Fighting
 + Level 6.8 Ranged Weapons
 - Level 2.4 Dodging
 - Level 1.2 Stealth


You had 2 spell levels left.
You didn't know any spells.
Your spell library was empty.

Inventory:

Hand Weapons
 Y - a +1 shortbow (weapon)
Armour
 e - a +0 ring mail (worn)

Dungeon Overview and Level Annotations

Branches:
Dungeon (2/15)

Altars:


Message History

You shoot an arrow.
The arrow hits the gnoll but does no damage.
The gnoll completely misses you.
You shoot an arrow. The arrow hits the gnoll!
The gnoll is severely wounded.
The gnoll barely misses you. x2
You shoot an arrow. The arrow hits the gnoll.
The gnoll is almost dead.
The gnoll barely misses you.
You shoot an arrow. The arrow hits the gnoll!
You kill the gnoll!
You have reached level 3!
Your experience leads to an increase in your attributes!
Increase (S)trength, (I)ntelligence, or (D)exterity?
You feel stronger. x2
You start resting.
HP restored.
The gnoll throws a throwing net.
The throwing net barely misses you.
Things that are here:
a throwing net; a +0 whip; 5 stones You shoot an arrow.
The arrow closely misses the gnoll.
The gnoll barely misses you.
You shoot an arrow. The arrow hits the gnoll.
The gnoll is moderately wounded.
The gnoll closely misses you.
A rat comes into view.
You shoot an arrow. The arrow barely misses the gnoll.
The gnoll barely misses you.
You shoot an arrow. The arrow barely misses the gnoll.
The gnoll hits you with a +0 whip.
You shoot an arrow. The arrow barely misses the gnoll.
The gnoll barely misses you.
You shoot an arrow. The arrow hits the gnoll.
The gnoll is heavily wounded.
The gnoll hits you with a +0 whip! The gnoll hits you with a +0 whip.
You shoot an arrow. The arrow barely misses the gnoll.
The gnoll closely misses you.
You shoot an arrow. The arrow closely misses the gnoll.
The gnoll hits you with a +0 whip.
You die...

... ... .. .. #. #r #g###
###### #.@.# #
#....######.## .#
#....##...#..# # ..#
#....##...##.##.#...# ..
#....##...##..#......
..##+#....##...###...#
..........''...'...#.<....
..........##...###.#...###
..........##...# #.# ....


You could see a gnoll and a rat.

Vanquished Creatures
  A gnoll (D:2)
  A worm (D:2)
  3 bats
  An endoplasm (D:1)
  2 giant cockroaches
  A goblin (D:1)
  2 hobgoblins (D:1)
  3 kobolds
  2 quokkas (D:1)
  2 ball pythons (D:1)
  3 rats
21 creatures vanquished.

Notes
Turn   | Place    | Note
-------+----------+-------------------------------------------
     0 | D:1      | qw the Deep Elf Hunter began the quest for the Orb.
     0 | D:1      | Reached XP level 1. HP: 12/12 MP: 3/3
     0 | D:1      | 0 ||| qw: Version: 0.3-a-9-g12657ce
     0 | D:1      | 0 ||| qw: Game counter: 3730
     0 | D:1      | 0 ||| qw: Always use a shield: true
     0 | D:1      | 0 ||| qw: God list: Okawaru
     0 | D:1      | 0 ||| qw: Allow faded altars: false
     0 | D:1      | 0 ||| qw: Do Orc after D:15 true
     0 | D:1      | 0 ||| qw: Do second Lair branch before Depths: true
     0 | D:1      | 0 ||| qw: Lair rune preference: random
     0 | D:1      | 0 ||| qw: Plans: Normal
     0 | D:1      | 0 ||| PLANNING D:1-11
   253 | D:1      | Reached XP level 2. HP: 16/16 MP: 4/4
   392 | D:1      | Found a faded altar of an unknown god.
   469 | D:1      | Reached skill level 6 in Ranged Weapons
   932 | D:1      | 932 ||| UPGRADING to +0 ring mail.
   942 | D:1      | 942 ||| DROPPING +0 leather armour.
   943 | D:1      | 943 ||| DROPPING amulet of magic regeneration.
   944 | D:1      | 944 ||| READING scroll labelled TEOSIM JOQEO.
   945 | D:1      | 945 ||| READING scroll labelled BIXTAK XIFF.
   946 | D:1      | 946 ||| READING scroll labelled IXUDET KANAE.
   947 | D:1      | 947 ||| DROPPING scroll of butterflies.
  1047 | D:2      | 1047 ||| Stepping ~*~*~tactically~*~*~ (outnumbered).
  1049 | D:2      | 1049 ||| Stepping ~*~*~tactically~*~*~ (outnumbered).
  1063 | D:2      | Reached XP level 3. HP: 11/20 MP: 5/5
  1107 | D:2      | Slain by a gnoll

Levels and vault maps discovered:
D:1:      psy_arrival_dodecagon, layout_basic, ebering_ecumenical_altar_ruins,
          corexii_corridor_pit, minmay_tromino_mix6
D:2:      layout_basic, chequers_serial_rivers_micro_d

Skill      XL: |  1  2 |
---------------+-------+-----
Ranged Weapons | 6 |  6.8
Fighting       | |  1.5
Dodging        | |  2.4
Stealth        | |  1.2

Action                     || total
---------------------------++-------
   Fire: Shortbow          ||    69
    Use: Scroll            ||     3
 Armour: Ring mail         ||     7
         Leather armour    ||     2
  Dodge: Dodged            ||    26

Table legend:
 A = Non-vault XP
 B = Vault XP
 C = Vault XP percentage of total XP
 D = Non-vault monster count
 E = Vault monster count
 F = Vault count percentage of total count
                 A         B        C        D         E       F
            +---------+---------+-------+---------+---------+-------
      Total |      48 |       3 |   5.9 |      19 |       2 |   9.5
            +---------+---------+-------+---------+---------+-------
        D:1 |      23 |       3 |  11.5 |      13 |       2 |  13.3
        D:2 |      25 |       0 |   0.0 |       6 |       0 |   0.0
            +---------+---------+-------+---------+---------+-------
